 Dungeon Crawl Stone Soup version 0.19-a0-726-g4af737f (webtiles) character file.

3439 Justinthyme the Merchant of Misery (level 9, 0/52 HPs)
             Began as a Deep Elf Necromancer on June 21, 2016.
             Was a Believer of Kikubaaqudgha.
             Slain by a killer bee (1 damage)
             ... on level 8 of the Dungeon.
             The game lasted 01:18:37 (13180 turns).

Justinthyme the Merchant of Misery (DENe)          Turns: 13180, Time: 01:18:38

Health: 0/52       AC: 12    Str:  5    XL:     9   Next: 77%
Magic:  39/39      EV:  1    Int: 29    God:    Kikubaaqudgha [**....]
Gold:   551        SH:  0    Dex: 15    Spells: 5 memorised, 7 levels left

rFire  . . .     SeeInvis .     a - +1 trident
rCold  + . .     Gourm    +     O - +1 chain mail "Jipeeziq" {Regen+ Stlth+} (curse)
rNeg   . . .     Faith    .     (no shield)
rPois  .         Spirit   .     D - +2 helmet
rElec  .         Dismiss  .     (no cloak)
rCorr  .         Reflect  .     (no gloves)
SustAt .         Harm     .     (no boots)
MR     .....                    e - amulet of the gourmand
Stlth  ..........               y - ring "Qicaz" {rC+ MP+9 Int+5}
                                g - ring of magical power

@: lethally poisoned (0 -> -1), very slightly contaminated, not resistant to
hostile enchantments, extremely unstealthy
A: MP-powered wands
a: Receive Corpses, Renounce Religion


You were on level 8 of the Dungeon.
You worshipped Kikubaaqudgha.
Kikubaaqudgha was pleased with you.
You were not hungry.

You visited 2 branches of the dungeon, and saw 11 of its levels.

You collected 551 gold pieces.

Inventory:

Hand Weapons
 a - a +1 trident (weapon)
 d - a +0 dagger
 o - a +4 hand axe of chopping
 F - a +1 scythe of distortion
Armour
 t - the +0 robe "Viohua" {rN+ Str+2}
   (You found it on level 7 of the Dungeon)

   It affects your strength (+2).
   It protects you from negative energy.
 D - a +2 helmet (worn)
 I - a +2 robe of fire resistance
 O - the cursed +1 chain mail "Jipeeziq" (worn) {Regen+ Stlth+}
   (You found it on level 9 of the Dungeon)

   It increases your rate of regeneration.
   It makes you more stealthy.
   It has a curse placed upon it.
Jewellery
 e - an amulet of the gourmand (around neck)
 g - a ring of magical power (left hand)
 l - an uncursed ring of protection from magic
 n - an uncursed ring of wizardry
 s - an uncursed ring of teleportation
 y - the ring "Qicaz" (right hand) {rC+ MP+9 Int+5}
   (You found it on level 8 of the Dungeon)

   [ring of protection from cold]

   It affects your intelligence (+5).
   It protects you from cold.
   It affects your magic capacity (+9).
 K - a cursed amulet of inaccuracy
 L - an uncursed ring of see invisible
Wands
 q - a wand of teleportation (3/9)
 A - a wand of flame (21/48)
 G - a wand of flame (22/48)
 Q - a wand of acid (3/15)
Scrolls
 f - 4 scrolls of identify
 j - 4 scrolls of blinking
 m - 2 scrolls of noise
 w - 2 scrolls of magic mapping
 E - a scroll of enchant armour
 N - a scroll of enchant weapon
Potions
 h - 2 potions of heal wounds
 i - 2 potions of magic {unknown}
 p - 2 potions of haste {unknown}
 v - 2 potions of mutation
 x - 2 potions of flight
 z - a potion of agility
 B - a potion of curing
 H - 2 potions of brilliance
 M - a potion of degeneration
Books
 b - a book of Necromancy

   Spells                             Type                      Level
   a - Pain                           Necromancy                   1
   b - Animate Skeleton               Necromancy                   1
   c - Vampiric Draining              Necromancy                   3
   d - Regeneration                   Charms/Necromancy            3
   e - Animate Dead                   Necromancy                   4
   f - Control Undead                 Necromancy                   4
 J - Kikubaaqudgha's Collected Works on Evil
   (Kikubaaqudgha gifted it to you on level 6 of the Dungeon)

   Spells                             Type                      Level
   a - Pain                           Necromancy                   1
   b - Corpse Rot                     Necromancy                   2
   c - Sublimation of Blood           Necromancy                   2
   d - Regeneration                   Charms/Necromancy            3
   e - Control Undead                 Necromancy                   4
Comestibles
 c - 5 bread rations
 r - 3 meat rations
 u - a royal jelly
 P - 2 slices of pizza


   Skills:
 + Level 4.2 Fighting
 * Level 3.6 Polearms
 * Level 1.1 Armour
 - Level 6.7 Dodging
 - Level 2.4 Stealth
 - Level 7.0 Spellcasting
 - Level 7.0 Charms
 - Level 10.4 Necromancy


You had 7 spell levels left.
You knew the following spells:

 Your Spells              Type           Power        Failure   Level  Hunger
a - Pain                  Necr           ####         86%         1    None
b - Vampiric Draining     Necr           ######....   100%        3    None
c - Animate Dead          Necr           N/A          100%        4    ##.....
d - Regeneration          Chrm/Necr      ######....   100%        3    None
e - Control Undead        Necr           ######....   100%        4    ##.....


Dungeon Overview and Level Annotations

Branches:
Dungeon (10/15)            Temple (1/1) D:4
   Lair: D:8-11         Orc: D:9-12

Altars:
Ashenzari
Cheibriados
Dithmenos
Elyvilon
Fedhas
Gozag
Hepliaklqana
Kikubaaqudgha
Makhleb
Nemelex Xobeh
Okawaru
Pakellas
Qazlal
Ru
Sif Muna
Trog
Uskayaw
Vehumet
Xom
Yredelemnul
Zin
The Shining One

Annotations:
D:4 Eustachio
D:6 Grinder
D:7 Duvessa


Innate Abilities, Weirdness & Mutations

You expend magic power (3 MP) to strengthen your wands.


Message History

The killer bee stings you but does no damage.
The killer bee barely misses you.
The killer bee stings you but does no damage.
You miss the killer bee.
You feel sick.
The killer bee stings you but does no damage. x5
The killer bee stings you.
The killer bee stings you but does no damage.
You hit the killer bee.
The killer bee is moderately wounded.
You feel sick. The killer bee stings you.
* * * LOW HITPOINT WARNING * * *
The killer bee stings you!
* * * LOW HITPOINT WARNING * * *
The killer bee stings you but does no damage.
The killer bee stings you.
* * * LOW HITPOINT WARNING * * *
The killer bee stings you but does no damage. x2
The killer bee stings you.
You die...
Kikubaaqudgha rasps: "You have failed me!
Welcome... death!"

##.....# ##...(...... #..#####
##........... ##.## #............
##..## #.........[.. ##....##
#..[......... ###......#####
##........... ##.[.##....##.##
##.......... ###..#####....#.y##
#.....[...# ##[..###.###.(.#@y.#
#.........#
#...#.<..####..y#..####[.######..
..#.......# ###.....##...# #..
..........## ##....##...# #..
...........# ##...##...#######.
...........# ##...#.[......##.
.#.........# ##..........###.
..#........## #..........# ##
#.####......# ##........## #


You could see 3 killer bees.

Vanquished Creatures
  Prince Ribbit (D:9)
  Sigmund (D:6)
  A wyvern (D:8)
  Menkaure (D:7)
  4 ice beasts
  An orc warrior (D:6)
  A wasp (D:7)
  2 sky beasts
  4 ogres
  2 centaurs
  4 giant frogs
  Blork the orc (D:5)
  2 scorpions
  Dowan (D:7)
  The ghost of Bobthepeanut the Chopper, a weakling MiGl (D:3)
  4 howler monkeys
  A giant frog zombie (D:8)
  3 hounds
  A centaur zombie (D:8)
  2 jellies
  An orc priest (D:8)
  4 orc wizards
  A centaur skeleton (D:6)
  5 worker ants
  3 iguanas
  Ijyb (D:2)
  2 gnolls (D:8)
  8 adders
  A worm (D:3)
  A dart slug (D:2)
  4 giant geckos
  26 orcs
  6 giant cockroaches
  7 goblins
  7 hobgoblins
  8 jackals
  13 kobolds
  3 quokkas
  2 ball pythons (D:5)
  6 bats
  A giant gecko zombie (D:9)
  7 giant newts
  9 rats
164 creatures vanquished.

Vanquished Creatures (collateral kills)
  A big kobold (D:8)
  A wyvern skeleton (D:6)
  A crimson imp (D:8)
  A jelly (D:9)
  2 orc wizards
  An orc priest (D:6)
  2 worker ants
  A hound zombie (D:5)
  A worker ant zombie (D:6)
  A gnoll (D:8)
  A howler monkey skeleton (D:8)
  A shadow imp (D:5)
  An ooze (D:6)
  An adder skeleton (D:5)
  A worm (D:3)
  5 orcs
  A goblin (D:3)
  A hobgoblin (D:8)
  2 jackals (D:6)
  2 kobolds (D:8)
  A quokka (D:7)
  A quokka skeleton (D:8)
30 creatures vanquished.

Vanquished Creatures (others)
  A centaur (D:8)
1 creature vanquished.

Grand Total: 195 creatures vanquished

Notes
Turn   | Place    | Note
--------------------------------------------------------------
     0 | D:1      | Justinthyme the Deep Elf Necromancer began the quest for the Orb.
     0 | D:1      | Reached XP level 1. HP: 10/10 MP: 6/6
    79 | D:1      | Reached skill level 5 in Necromancy
   330 | D:1      | Reached XP level 2. HP: 13/15 MP: 5/8
  1314 | D:2      | Reached XP level 3. HP: 15/19 MP: 5/10
  1510 | D:2      | Noticed Ijyb
  1524 | D:2      | Learned a level 3 spell: Vampiric Draining
  2143 | D:3      | Noticed Bobthepeanut's ghost (weakling MiGl)
  2589 | D:4      | Noticed a scorpion
  2715 | D:3      | Reached XP level 4. HP: 23/24 MP: 9/12
  2780 | D:3      | Learned a level 4 spell: Animate Dead
  2784 | D:3      | Learned a level 3 spell: Regeneration
  3680 | D:4      | Noticed a giant frog
  3685 | D:4      | Killed a giant frog
  3685 | D:4      | Reached skill level 1 in Fighting
  3685 | D:4      | Reached skill level 5 in Spellcasting
  3685 | D:4      | Reached skill level 1 in Charms
  3685 | D:4      | Reached skill level 6 in Necromancy
  3685 | D:4      | Reached XP level 5. HP: 23/29 MP: 6/14
  3787 | D:4      | Reached XP level 6. HP: 17/34 MP: 3/15
  4078 | D:4      | Found a staircase to the Ecumenical Temple.
  4209 | Temple   | Entered the Ecumenical Temple
  4325 | Temple   | Became a worshipper of Kikubaaqudgha
  4446 | D:4      | Noticed Eustachio
  4535 | D:5      | Entered Level 5 of the Dungeon
  4544 | D:5      | Reached skill level 7 in Necromancy
  4699 | D:5      | Noticed an ice beast
  4705 | D:5      | Killed an ice beast
  4934 | D:5      | Noticed an ice beast
  4940 | D:5      | Killed an ice beast
  4940 | D:5      | Reached XP level 7. HP: 26/40 MP: 10/17
  4989 | D:5      | Learned a level 4 spell: Control Undead
  5450 | D:5      | Noticed Blork the orc
  5655 | D:6      | Noticed Sigmund
  5665 | D:6      | Killed Sigmund
  5665 | D:6      | Reached skill level 8 in Necromancy
  5685 | D:6      | Reached skill level 5 in Dodging
  5685 | D:6      | Reached XP level 8. HP: 38/45 MP: 9/19
  5884 | D:6      | Noticed Grinder
  6274 | D:6      | Reached skill level 5 in Charms
  6530 | D:6      | Reached * piety under Kikubaaqudgha
  6530 | D:6      | Received a gift from Kikubaaqudgha
  6597 | D:5      | Killed Blork the orc
  6990 | D:6      | Reached skill level 9 in Necromancy
  7031 | D:6      | Identified Kikubaaqudgha's Collected Works on Evil (Kikubaaqudgha gifted it to you on level 6 of the Dungeon)
  7451 | D:6      | Reached skill level 1 in Polearms
  7812 | D:7      | Noticed Menkaure
  8043 | D:7      | Noticed Duvessa
  8043 | D:7      | Noticed Dowan
  8062 | D:7      | Your ally died
  8503 | D:7      | Reached XP level 9. HP: 48/51 MP: 16/21
  8556 | D:7      | Got a wizard robe
  8567 | D:7      | Identified the cursed +0 robe "Viohua" {rN+ Str+2} (You found it on level 7 of the Dungeon)
  9234 | D:8      | Reached ** piety under Kikubaaqudgha
  9241 | D:8      | HP: 2/52 [wyvern (8)]
  9573 | D:8      | Reached skill level 10 in Necromancy
  9586 | D:8      | Got a faintly glowing brass ring
  9588 | D:8      | Identified the ring "Qicaz" {rC+ MP+9 Int+5} (You found it on level 8 of the Dungeon)
  9970 | D:8      | Found a bloodstained altar of Trog.
 10291 | D:9      | Found an oddly glowing altar of Pakellas.
 10329 | D:9      | Noticed Prince Ribbit
 10344 | D:9      | Killed Prince Ribbit
 10364 | D:9      | Found a bloodstained altar of Trog.
 10377 | D:9      | Got a spiked chain mail
 10388 | D:9      | Identified the cursed +1 chain mail "Jipeeziq" {Regen+ Stlth+} (You found it on level 9 of the Dungeon)
 10685 | D:10     | Entered Level 10 of the Dungeon
 10856 | D:10     | Noticed a hill giant
 10979 | D:8      | Gained mutation: You expend magic power (3 MP) to strengthen your wands. [mutagenic glow]
 11145 | D:9      | Noticed a troll
 11906 | D:2      | Killed Ijyb
 12201 | D:3      | Killed Bobthepeanut's ghost
 12579 | D:7      | Killed Dowan
 12579 | D:7      | Reached skill level 1 in Armour
 13180 | D:8      | HP: 1/52 [killer bee (6)]
 13180 | D:8      | Slain by a killer bee

Vault maps used:
D:1:      mainiacjoe_arrival_reflecting_pool, minivault_26
D:2:      first_bread, uniq_iyjb
D:3:      grunt_ministairs_1
D:4:      gup_sewer_entry_spiral, minmay_misc_feat_four_crosses, uniq_eustachio
D:5:      wad_rectangle_vault, uniq_blork_the_orc
D:6:      hangedman_abyss_or_decor_passed, uniq_grinder, uniq_sigmund
D:7:      supply_closet_lemuel, grunt_livestock, uniq_duvessa, uniq_menkaure
D:8:      trog_hazing_becter
D:9:      old_standard_altar, minmay_lair_entry_lava, grunt_pakellas_basics,
          uniq_prince_ribbit1
D:10:     serial_shops, shop, shop, shop, shop_fountains,
          nicolae_shop_behind_doors, basic_altar, minivault_24,
          nicolae_ru_the_path_less_chosen, uniq_joseph
Temple:   compressed_dpeg_circular_temple

Skill      XL: |  1  2  3  4  5  6  7  8  9 |
---------------+----------------------------+-----
Necromancy     | 5 6 7 8 9 10 | 10.4
Spellcasting   | 4 5 6 7 |  7.0
Dodging        | 3 4 5 6 |  6.7
Fighting       | 1 2 3 4 |  4.2
Charms         | 1 2 3 4 5 7 |  7.0
Polearms       | 1 3 |  3.6
Armour         | 1 |  1.1
Stealth        | |  2.4

Action                   |  1- 3 |  4- 6 |  7- 9 || total
-------------------------+-------+-------+-------++-------
Melee: Dagger            |    24 |       |    38 ||    62
       Trident           |       |       |   482 ||   482
 Cast: Pain              |    85 |    54 |   183 ||   322
       Vampiric Draining |     7 |     5 |    47 ||    59
       Animate Dead      |       |     8 |    27 ||    35
       Regeneration      |       |     1 |     2 ||     3
       Control Undead    |       |       |    13 ||    13
Evoke: Wand              |       |       |     3 ||     3
  Use: Scroll            |     3 |       |    22 ||    25
       Potion            |     2 |       |     4 ||     6
 Stab: Distracted        |       |       |     2 ||     2
  Eat: Chunk             |    16 |     7 |    21 ||    44
       Beef jerky        |       |       |     2 ||     2
Armor: Robe              |    13 |       |    55 ||    68
       Chain mail        |       |       |   429 ||   429
Dodge: Dodged            |    33 |     9 |   273 ||   315
